 Dungeon Crawl Stone Soup version 0.19-a0-1608-g4cf22de (webtiles) character file.

51193 Mordaer the Champion of Chaos (level 14, 0/121 HPs)
             Began as a Deep Dwarf Gladiator on Sept 5, 2016.
             Was the Champion of Makhleb.
             Slain by a reaper
             ... wielding a +2 scythe of freezing
              (11 damage)
             ... in an ice cave on Sept 18, 2016.
             The game lasted 02:35:37 (12137 turns).

Mordaer the Champion of Chaos (DDGl)               Turns: 12137, Time: 02:35:38

Health: 0/121      AC: 19    Str: 26    XL:     14   Next: 22%
Magic:  26/26      EV: 18    Int: 11    God:    Makhleb [******]
Gold:   729        SH:  4    Dex: 18    Spells: 1 memorised, 7 levels left

rFire  . . .     SeeInvis +     a - +9 trident of Eternal Vigilance {pierce, rN+ Str+4}
rCold  . . .     Gourm    .     W - +3 chain mail {MR+}
rNeg   + + +     Faith    .     k - +0 buckler
rPois  +         Spirit   .     (helmet restricted)
rElec  .         Dismiss  .     R - +0 cloak
rCorr  .         Reflect  .     C - +0 pair of gloves
MR     +++++     Harm     .     l - +0 pair of boots
Stlth  .......... Clarity  +    v - amulet of the Four Winds {rN+ MR+++ Clar}
                                F - ring of see invisible
                                O - ring of poison resistance

@: agile, non-regenerating
A: damage resistance, recharge devices, horns 2, talons 1, frail 1, high mp 1,
negative energy resistance 1, sense surroundings 2, slow regeneration 3
a: Device Recharging, Minor Destruction, Lesser Servant of Makhleb, Major
Destruction, Greater Servant of Makhleb, Renounce Religion


You were in an ice cave.
You worshipped Makhleb.
Makhleb was exalted by your worship.
You were not hungry.

You visited 4 branches of the dungeon, and saw 21 of its levels.
You also visited: Ice Cave and Volcano.

You collected 1790 gold pieces.
You spent 1061 gold pieces at shops.


Innate Abilities, Weirdness & Mutations

You are resistant to damage.
You can recharge devices by infusing magical energy.
You resist negative energy. (rN+)
You passively map the area around you.
You do not regenerate.
You have a pair of horns on your head.
You have sharp toenails.
You are frail. (-10% HP)
You have an increased reservoir of magic. (+10% MP)


   Skills:
 - Level 11.3 Fighting
 - Level 1.1 Long Blades
 - Level 13.5 Axes
 - Level 1.8 Throwing
 - Level 11.5 Armour
 + Level 7.8 Dodging
 - Level 16.0 Invocations
 - Level 4.4 Evocations


You had 7 spell levels left.
You knew the following spells:

 Your Spells              Type           Power        Failure   Level  Hunger
X - Statue Form           Tmut/Erth      #........    100%        6    #######

Inventory:

Hand Weapons
 a - the +9 trident of Eternal Vigilance (weapon) {pierce, rN+ Str+4}

   It inflicts extra damage upon your enemies.
   It affects your strength (+4).
   It protects you from negative energy.
 c - a +0 vampiric long sword
 d - a +0 triple sword of freezing
 y - a +2 hand axe of flaming
Missiles
 U - 5 javelins (quivered)
Armour
 k - a +0 buckler (worn)
 l - a +0 pair of boots (worn)
 C - a +0 pair of gloves (worn)
 R - a +0 cloak (worn)
 W - a +3 chain mail of magic resistance (worn)
Jewellery
 v - the amulet of the Four Winds (around neck) {rN+ MR+++ Clar}

   [amulet of nothing]

   It protects you from negative energy.
   It affects your resistance to hostile enchantments.
   It protects you against confusion.
 F - a ring of see invisible (right hand)
 O - a ring of poison resistance (left hand)
Wands
 e - a wand of heal wounds (2/9) {!d@v2}
 G - a wand of disintegration (1/24)
 K - a wand of slowing (11/48)
 V - a wand of polymorph (15/24)
Scrolls
 o - 2 scrolls of remove curse
 r - a scroll of recharging
 z - 3 scrolls of identify {@r1}
 A - 2 scrolls of fog
 B - 4 scrolls of fear
Potions
 b - 6 potions of flight
 g - a potion of haste {@q3}
 h - a potion of resistance
 i - 4 potions of magic
 j - a potion of cancellation
 n - a potion of brilliance
 q - 4 potions of heal wounds {@q2}
 u - a potion of invisibility
 H - a potion of agility
 M - 2 potions of might
 N - 5 potions of curing {@q1}
Miscellaneous
 m - a lamp of fire (inert)
 I - a phial of floods (inert)
Comestibles
 f - 9 bread rations

Dungeon Overview and Level Annotations

Branches:
Dungeon (15/15)            Temple (1/1) D:7            Lair (3/6) D:9
    Orc (2/2) D:12            Elf (0/3) Orc:2        Vaults (0/5) D:13
 Depths (0/5) D:15
  Swamp: Lair:2-4    Shoals: Lair:2-4     Snake: Lair:2-4    Spider: Lair:2-4

Altars:
Ashenzari
Cheibriados
Dithmenos
Elyvilon
Fedhas
Gozag
Hepliaklqana
Kikubaaqudgha
Makhleb
Nemelex Xobeh
Okawaru
Qazlal
Ru
Sif Muna
Trog
Uskayaw
Vehumet
Xom
Yredelemnul
Zin
The Shining One
Beogh

Shops:
D:8 *   D:14 (   Orc:2 [?!*?

Annotations:
D:5 Legolas's ghost, amateur HEHu
D:6 Pikel
D:11 2 runed doors

,, , ▒,▒▒.#.###▒▒)..▒▒.
, ░, ▒..▒▒▒##.#▒▒....▒.
░ ▒░, .....▒.#.▒▒▒....▒▒
░ ▒. .....▒#.#▒≈▒▒....▒
.▒..▒▒▒▒...▒#..▒≈▒▒.▒.▒▒
.2.............▒≈▒..▒▒▒.
▒....2.....▒.#▒ ▒...▒▒.
░ , ▒.▒..▒▒.▒▒ ▒...... ░
░ ░ ,▒g▒▒.▒..▒ ▒..▒...
,▒▒..▒....▒ ▒▒..▒..▒ ░
░░ ▒...▒▒..▒▒ ▒...▒▒▒▒ ,
, ░ ▒.......▒ ▒..▒▒ ░░
▒......▒▒≈▒▒...▒ ░░ ≈
▒▒.....▒ ▒...▒▒ ░
≈▒▒...▒▒≈▒▒..▒▒ ≈ ≈ ≈≈
▒▒▒▒▒≈ ▒...#▒▒ ░ ≈░
≈▒▒#..##▒▒


You could see a reaper.


Message History

You kill the ice devil!
Makhleb accepts your kill.
You feel better. The ufetubus hits you. The ufetubus closely misses you.
You puncture the ufetubus!
You kill the ufetubus!
Makhleb accepts your kill.
You feel better.
A reaper comes into view. It is wielding a scythe of freezing.
Evoke which item? (* to show all) (? for menu, Esc to quit)
Okay, then.
You start waiting.
Attack whom?
Press: ? - help, Dir - move target cursor, f - reaper
Aim: a reaper, wielding a scythe of freezing You reach to attack!
You hit the reaper.
The reaper is lightly wounded.
The reaper hits you from afar with a scythe of freezing!!
* * * LOW HITPOINT WARNING * * *
The reaper freezes you.
* * * LOW HITPOINT WARNING * * *
Something shouts, "Leave, thou qualling fen-sucked nert!"
Evoke which item? (* to show all) (? for menu, Esc to quit)
Zapping:
e - a wand of heal wounds (3/9) {!d@v2}
Press: ? - help, Shift-Dir - straight line, f - you, p - reaper You feel much better.
This wand has 2 charges left.
You feel agile all of a sudden.
The reaper hits you from afar with a scythe of freezing!!!
* * * LOW HITPOINT WARNING * * *
The reaper freezes you!
You die...

Action                   |  1- 3 |  4- 6 |  7- 9 | 10-12 | 13-15 || total
-------------------------+-------+-------+-------+-------+-------++-------
Melee: War axe           |    90 |       |       |       |       ||    90
       Whip              |    20 |       |       |       |       ||    20
       Hand axe          |    14 |    45 |       |     7 |   118 ||   184
       Trident           |       |    11 |   217 |   637 |   474 ||  1339
       Headbutt          |       |       |       |       |   105 ||   105
 Fire: Shortbow          |       |       |    62 |       |       ||    62
       Blowgun           |       |       |     3 |       |       ||     3
Throw: Javelin           |       |       |    14 |    30 |       ||    44
       Throwing net      |       |       |       |     4 |       ||     4
       Tomahawk          |       |       |       |     2 |       ||     2
Invok: Lesser Servant of |       |       |       |     2 |     1 ||     3
       Greater Servant o |       |       |       |       |     1 ||     1
 Abil: Device Recharging |       |       |     1 |     1 |       ||     2
Evoke: Wand              |     1 |     3 |    16 |    15 |     7 ||    42
       Lamp of fire      |       |       |       |     1 |     1 ||     2
       Phial of floods   |       |       |       |       |     1 ||     1
  Use: Scroll            |     3 |       |    13 |    17 |     8 ||    41
       Potion            |       |       |     1 |    10 |     5 ||    16
 Stab: Sleeping          |     1 |       |       |       |       ||     1
       Paralysed         |       |       |     2 |       |       ||     2
       Distracted        |       |       |       |       |     2 ||     2
  Eat: Fruit             |       |       |     3 |       |       ||     3
       Beef jerky        |       |       |     1 |     2 |       ||     3
       Pizza             |       |       |     1 |     2 |       ||     3
       Chunk             |       |       |     6 |    18 |    16 ||    40
       Bread ration      |       |       |       |     1 |     1 ||     2
Armor: Leather armour    |    36 |    19 |    27 |       |       ||    82
       Ring mail         |       |       |    46 |    96 |       ||   142
       Chain mail        |       |       |       |   132 |   348 ||   480
Dodge: Dodged            |    97 |    44 |   119 |   202 |   257 ||   719
Block: Buckler           |       |       |     9 |    63 |    72 ||   144

Vault maps used:
D:1:      dpeg_arrival_long_road, minmay_tetromino_i4
D:2:      grunt_temple_overflow_holy_war
D:3:      minitemple
D:4:      marbit_many_paths, grunt_temple_overflow_open, uniq_eustachio
D:5:      xom_teletrap_fun, basic_altar, first_bread, lemuel_statue_altar
D:6:      overflow_temple_1_default, uniq_pikel
D:7:      nicolae_qazlal_eye_of_the_storm
D:8:      serial_shops, nicolae_shop_trees
D:9:      minmay_lair_entry_lava, basic_altar
D:10:     basic_altar, grunt_livestock,
          hangedman_abyss_or_decor_jellyfish_corner, hex_large,
          mrwooster_statue_mirror
D:11:     lemuel_insect_pit
D:12:     orc_0_dummy, uniq_sonja
D:13:     david_vaults_1, nicolae_wwwww, serial_bayou_pond_d,
          grunt_ministairs_15
D:14:     slaughterhouse, serial_shops, shop, basic_altar,
          minmay_misc_feat_nine_boxes
D:15:     hangedman_depths_entry_try_elsewhere_first, serial_ice, serial_ice_j,
          serial_ice_h, serial_ice_f, serial_ice_d,
          portal_ice_cave_entry_pillars_1
Temple:   compressed_dpeg_triangle_lava_temple
Lair:1:   enter_volcano_1, grunt_megastairs_1
Lair:3:   guppyfry_snake_entry_garden, columned_hall_lemuel
Orc:1:    mines2_lemuel
Orc:2:    grunt_orc_tribal_feast, serial_shops,
          nicolae_shop_competitors_out_of_business, minmay_orc_temple_c,
          uniq_donald
IceCv:    ice_cave_small_demon
Volcano:  volcano_grotto

Notes
Turn   | Place    | Note
-------+----------+-------------------------------------------
     0 | D:1      | Mordaer the Deep Dwarf Gladiator began the quest for the Orb.
     0 | D:1      | Reached XP level 1. HP: 19/19 MP: 1/1
    64 | D:2      | Found a glowing golden altar of the Shining One.
    69 | D:2      | Found a basalt altar of Yredelemnul.
   181 | D:2      | Reached skill level 2 in Fighting
   204 | D:3      | Reached XP level 2. HP: 17/26 MP: 2/2
   228 | D:3      | Found a shattered altar of Ashenzari.
   249 | D:3      | Found a deep blue altar of Sif Muna.
   251 | D:3      | Found an ancient bone altar of Kikubaaqudgha.
   251 | D:3      | Found a white marble altar of Elyvilon.
   372 | D:1      | Reached skill level 4 in Axes
   473 | D:1      | Reached XP level 3. HP: 33/33 MP: 3/3
   745 | D:3      | Reached skill level 3 in Fighting
   786 | D:3      | Reached XP level 4. HP: 28/42 MP: 4/4
   869 | D:4      | Found a bloodstained altar of Trog.
   911 | D:4      | Found a radiant altar of Vehumet.
   913 | D:4      | Noticed Eustachio
   945 | D:4      | Found a blossoming altar of Fedhas.
   950 | D:4      | Killed Eustachio
   950 | D:4      | Reached skill level 4 in Fighting
   950 | D:4      | Reached skill level 5 in Axes
   950 | D:4      | Reached XP level 5. HP: 35/50 MP: 5/5
   987 | D:4      | Reached XP level 6. HP: 26/57 MP: 6/6
   999 | D:4      | Got a dazzling trident
  1000 | D:4      | Identified the +9 trident of Eternal Vigilance {pierce, rN+ Str+4} (You found it on level 4 of the Dungeon)
  1009 | D:4      | Reached skill level 6 in Axes
  1010 | D:4      | Upgraded the game from 0.19-a0-1442-g3b32ff5 to 0.19-a0-1457-g32fba05
  1084 | D:4      | Noticed Xiguana's ghost (amateur FoFi)
  1097 | D:4      | Killed Xiguana's ghost
  1097 | D:4      | Reached skill level 5 in Fighting
  1097 | D:4      | Reached XP level 7. HP: 31/67 MP: 7/7
  1159 | D:4      | Reached skill level 7 in Axes
  1313 | D:5      | Entered Level 5 of the Dungeon
  1373 | D:5      | Found a shimmering altar of Xom.
  1456 | D:5      | Reached skill level 6 in Fighting
  1526 | D:6      | Noticed Legolas's ghost (amateur HEHu)
  1535 | D:6      | Killed Legolas's ghost
  1535 | D:6      | Reached skill level 1 in Armour
  1535 | D:6      | Reached XP level 8. HP: 27/76 MP: 8/8
  1571 | D:6      | Reached skill level 8 in Axes
  1573 | D:6      | HP: 6/76 [centaur/arrow (8)]
  1587 | D:6      | Reached skill level 2 in Armour
  1671 | D:6      | Reached skill level 3 in Armour
  1742 | D:6      | Noticed Pikel
  1782 | D:6      | Found a hazy altar of Hepliaklqana.
  1979 | D:5      | Noticed Legolas's ghost (amateur HEHu)
  2255 | D:5      | Found an opulent altar of Gozag.
  2349 | D:5      | Found a glowing silver altar of Zin.
  2521 | D:6      | Reached skill level 4 in Armour
  2530 | D:6      | Reached skill level 7 in Fighting
  2551 | D:7      | Reached skill level 9 in Axes
  2664 | D:7      | Gained mutation: You passively map the area around you. [Deep Dwarf growth]
  2664 | D:7      | Reached XP level 9. HP: 14/86 MP: 8/8
  2711 | D:7      | Gained mutation: You evolve. [mutagenic meat]
  2741 | D:7      | Reached skill level 5 in Armour
  2840 | D:7      | Found a staircase to the Ecumenical Temple.
  2849 | Temple   | Entered the Ecumenical Temple
  2895 | Temple   | Became a worshipper of Makhleb the Destroyer
  2940 | D:7      | HP: 6/86 [big kobold/dagger (6)]
  3087 | D:7      | HP: 8/86 [centaur (2)]
  3372 | D:7      | Reached * piety under Makhleb
  3441 | D:7      | Found a stormy altar of Qazlal.
  3539 | D:8      | HP: 8/88 [wight/enchanted trident (1)]
  3635 | D:8      | Reached skill level 8 in Fighting
  3635 | D:8      | Reached skill level 6 in Armour
  3725 | D:8      | Reached skill level 10 in Axes
  3792 | D:8      | Found Wilaz's Assorted Antiques.
  3795 | D:8      | Bought a scroll labeled ROKHLU ERULEUF for 26 gold pieces
  3795 | D:8      | Bought a scroll labeled JUAJUANINEO for 26 gold pieces
  3795 | D:8      | Bought a scroll labeled NUNINW DIVASI for 26 gold pieces
  3987 | D:9      | Noticed a troll
  3996 | D:9      | Killed a troll
  4015 | D:9      | Reached skill level 7 in Armour
  4030 | D:9      | Reached XP level 10. HP: 37/98 MP: 9/9
  4268 | D:9      | Found a hide-covered altar of Uskayaw.
  4332 | D:9      | Reached ** piety under Makhleb
  4381 | D:9      | Found a staircase to the Lair.
  4704 | D:10     | Entered Level 10 of the Dungeon
  4711 | D:10     | Reached skill level 9 in Fighting
  4711 | D:10     | Reached skill level 8 in Armour
  4718 | D:10     | Reached skill level 11 in Axes
  5015 | D:10     | Upgraded the game from 0.19-a0-1457-g32fba05 to 0.19-a0-1468-ge013c26
  5023 | D:10     | Found a hide-covered altar of Uskayaw.
  5065 | D:10     | Identified a potion of resistance
  5158 | D:9      | Noticed a centaur warrior
  5166 | D:9      | Killed a centaur warrior
  5166 | D:9      | Reached skill level 9 in Armour
  5470 | D:11     | Noticed a hill giant
  5476 | D:11     | Noticed a brown ugly thing
  5599 | D:12     | HP: 9/99 [orc warrior/scimitar (5)]
  5616 | D:11     | Reached *** piety under Makhleb
  5663 | D:11     | Noticed a gargoyle
  5665 | D:11     | Killed a gargoyle
  5665 | D:11     | Reached XP level 11. HP: 22/108 MP: 10/10
  5695 | D:11     | Noticed an unseen horror
  5946 | D:11     | Found a runed door.
  5958 | D:11     | Found a runed door.
  6036 | D:12     | Found a staircase to the Orcish Mines.
  6093 | D:12     | HP: 8/108 [cyclops/large rock (27)]
  6100 | D:12     | Noticed a hill giant
  6107 | D:12     | Killed a hill giant
  6107 | D:12     | Reached skill level 10 in Fighting
  6107 | D:12     | Reached skill level 12 in Axes
  6211 | D:12     | Noticed Sonja
  6215 | D:12     | Killed Sonja
  6215 | D:12     | Reached skill level 10 in Armour
  6247 | Orc:1    | Entered Level 1 of the Orcish Mines
  6335 | Orc:1    | Noticed an orc sorcerer
  6345 | Orc:1    | Noticed a soul eater
  6349 | Orc:1    | Gained mutation: You are clumsy. (Dex -2) [a neqoxec]
  6354 | Orc:1    | Killed an orc sorcerer
  6384 | Orc:1    | Reached **** piety under Makhleb
  6514 | Orc:2    | Entered Level 2 of the Orcish Mines
  6630 | Orc:2    | Found a staircase to the Elven Halls.
  6645 | Orc:2    | Noticed Donald
  6666 | Orc:2    | HP: 15/165 [Donald/long sword of slicing (16)]
  6667 | Orc:2    | Killed Donald
  6744 | Orc:2    | Noticed an orc sorcerer
  6746 | Orc:2    | Noticed an orc high priest
  6796 | D:13     | Noticed a centaur warrior
  6827 | Orc:1    | Killed an orc sorcerer
  7085 | D:11     | Killed an unseen horror
  7085 | D:11     | Reached skill level 13 in Axes
  7085 | D:11     | Reached skill level 11 in Armour
  7088 | D:11     | HP: 10/110 [acid (6)]
  7185 | Lair:1   | Entered Level 1 of the Lair of Beasts
  7198 | Lair:1   | HP: 8/110 [spiny frog (2)]
  7207 | Lair:1   | Reached XP level 12. HP: 34/118 MP: 11/11
  7261 | Lair:1   | Reached skill level 11 in Fighting
  7435 | Lair:1   | Found a dark tunnel.
  7440 | Volcano  | Entered a volcano
  7542 | Volcano  | Found a bloodstained altar of Trog.
  7713 | Lair:1   | Learned a level 6 spell: Statue Form
  7772 | Lair:1   | Reached skill level 1 in Invocations
  7828 | Lair:2   | Reached skill level 2 in Invocations
  7852 | Lair:2   | Reached skill level 3 in Invocations
  7872 | Lair:2   | Reached skill level 4 in Invocations
  7966 | Lair:2   | Reached skill level 5 in Invocations
  7990 | Lair:2   | Reached skill level 6 in Invocations
  8039 | Lair:1   | Noticed an eight-headed hydra
  8064 | Lair:1   | Reached skill level 7 in Invocations
  8110 | Lair:1   | Reached skill level 8 in Invocations
  8241 | Lair:3   | Reached skill level 9 in Invocations
  8329 | Lair:3   | Reached ***** piety under Makhleb
  8564 | D:11     | Gained mutation: You have an increased reservoir of magic. (+10% MP) [mutagenic meat]
  8599 | Orc:2    | HP: 17/180 [sixfirhy[an orc high priest] (10)]
  8601 | Orc:2    | Killed an orc high priest
  8601 | Orc:2    | Reached skill level 10 in Invocations
  8773 | Orc:1    | HP: 11/120 [orc warrior/long sword[an orc knight] (3)]
  8786 | Orc:2    | HP: 11/120 [orc warrior/short sword[an orc knight] (12)]
  8892 | Orc:2    | Reached skill level 11 in Invocations
  9019 | Orc:2    | Noticed a stone giant
  9049 | Orc:2    | Killed a stone giant
  9049 | Orc:2    | Reached XP level 13. HP: 44/127 MP: 21/21
  9103 | Orc:2    | Found Lubboll's Antique Armour Emporium.
  9176 | Orc:2    | Reached skill level 12 in Invocations
  9270 | Orc:2    | Found a roughly hewn altar of Beogh.
  9351 | Orc:2    | Reached skill level 13 in Invocations
  9367 | Orc:2    | Found Qyci's Magic Scroll Shop.
  9367 | Orc:2    | Found Ysaqoaku's Magic Scroll Shoppe.
  9369 | Orc:2    | Found Ywuak's Assorted Antiques.
  9369 | Orc:2    | Found Fedueton's Distillery.
  9596 | Orc:2    | Bought 2 scrolls labeled ISODUL VUCH for 72 gold pieces
  9600 | Orc:2    | Bought a scroll of recharging for 114 gold pieces
  9600 | Orc:2    | Bought a scroll of identify for 24 gold pieces
  9600 | Orc:2    | Bought a scroll of identify for 24 gold pieces
  9607 | Orc:2    | Bought a scroll of identify for 28 gold pieces
  9607 | Orc:2    | Bought a scroll of identify for 28 gold pieces
  9607 | Orc:2    | Bought a scroll of identify for 28 gold pieces
  9607 | Orc:2    | Bought a scroll of recharging for 133 gold pieces
  9607 | Orc:2    | Bought a scroll of identify for 28 gold pieces
  9607 | Orc:2    | Bought a scroll of identify for 28 gold pieces
  9610 | Orc:2    | Gained mutation: You have sharp toenails. [potion of beneficial mutation]
  9614 | Orc:2    | Bought a potion of heal wounds for 85 gold pieces
  9614 | Orc:2    | Bought a potion of heal wounds for 85 gold pieces
  9614 | Orc:2    | Bought a potion of resistance for 170 gold pieces
  9614 | Orc:2    | Bought a potion of might for 68 gold pieces
  9614 | Orc:2    | Bought a potion of agility for 68 gold pieces
  9689 | Orc:2    | Reached ****** piety under Makhleb
  9788 | D:12     | Reached skill level 14 in Invocations
 10069 | D:13     | Gained mutation: You have a pair of small horns on your head. [evolution]
 10069 | D:13     | Lost mutation: You evolve. [end of evolution]
 10137 | D:13     | Reached skill level 15 in Invocations
 10347 | D:13     | Found a gate to the Vaults.
 10368 | D:13     | Reached skill level 16 in Invocations
 10463 | D:13     | Reached skill level 1 in Evocations
 10570 | D:13     | Reached skill level 1 in Long Blades
 10570 | D:13     | Reached skill level 2 in Evocations
 10679 | D:14     | Reached skill level 3 in Evocations
 10721 | D:14     | Reached skill level 4 in Evocations
 10823 | D:14     | Found a shimmering altar of Xom.
 10843 | D:14     | Found Moubb's Antique Weapon Emporium.
 10851 | D:14     | Upgraded the game from 0.19-a0-1468-ge013c26 to 0.19-a0-1608-g4cf22de
 10989 | D:14     | Reached skill level 4 in Dodging
 11043 | D:15     | Entered Level 15 of the Dungeon
 11079 | D:15     | Gained mutation: You resist negative energy. (rN+) [Deep Dwarf growth]
 11079 | D:15     | Reached XP level 14. HP: 119/135 MP: 26/26
 11081 | D:15     | Reached skill level 5 in Dodging
 11123 | D:15     | Reached skill level 6 in Dodging
 11133 | D:15     | Gained mutation: You are frail. (-10% HP) [mutagenic meat]
 11153 | D:15     | Gained mutation: You have a pair of horns on your head. [mutagenic meat]
 11156 | D:15     | Lost mutation: You are clumsy. (Dex -2) [mutagenic meat]
 11253 | D:15     | Found a frozen archway.
 11279 | IceCv    | Entered an ice cave
 11954 | IceCv    | Reached skill level 7 in Dodging
 12129 | IceCv    | Noticed a reaper
 12137 | IceCv    | HP: 11/121 [reaper/scythe of freezing (40)]
 12137 | IceCv    | Slain by a reaper

Vanquished Creatures
  Donald (Orc:2)
  A stone giant (Orc:2)
  A catoblepas (D:13)
  5 centaur warriors
  A tengu warrior (D:14)
  An orc high priest (Orc:2)
  Sonja (D:12)
  A sun demon (Volcano)
  A deep elf knight (Orc:2)
  2 unseen horrors
  3 orc knights (Orc:2)
  4 hill giants
  3 deep elf magi
  5 orc sorcerers
  7 ugly things
  A cyclops (D:12)
  3 elephants (Lair:1)
  2 toenail golems (Volcano)
  2 centaur zombies
  2 ice statues (IceCv)
  A black mamba (Lair:1)
  A centaur skeleton (D:12)
  A gargoyle (D:11)
  2 molten gargoyles (Volcano)
  3 spiny frogs
  5 komodo dragons
  2 kobold demonologists (D:12)
  A tengu conjurer (D:13)
  11 ice devils (IceCv)
  4 trolls
  A polar bear (D:15)
  The ghost of Xiguana the Skirmisher, an amateur FoFi (D:4)
  5 blink frogs (Lair:2)
  A two-headed ogre (D:13)
  A wraith (D:14)
  3 hogs (D:10)
  A human (D:10)
  A wyvern (D:13)
  19 yaks
  Eustachio (D:4)
  A fire bat (Volcano)
  A steam dragon (D:10)
  4 hippogriffs
  A mottled dragon (D:15)
  2 vampire mosquitoes (D:15)
  2 water moccasins
  3 hell hounds
  18 orc warriors
  3 porcupines (Lair:2)
  2 wasps
  3 ice beasts
  A sky beast (D:7)
  3 black bears
  4 phantoms
  An eye of draining (D:14)
  A necrophage (D:12)
  10 ogres
  A wolf (D:15)
  23 centaurs
  The ghost of Legolas the Shooter, an amateur HEHu (D:6)
  4 crocodiles
  4 bullfrogs
  2 big kobolds
  A wyvern zombie (D:13)
  3 wyvern skeletons
  4 scorpions
  10 killer bees
  16 wights
  5 howler monkeys
  A lava snake (Volcano)
  5 crimson imps
  4 hounds
  2 jellies
  20 orc wizards
  A gnoll shaman (D:6)
  15 orc priests
  2 bullfrog skeletons
  7 iguanas
  7 worker ants
  A hound zombie (D:6)
  A worker ant zombie (D:8)
  8 gnolls
  7 river rats (Lair:1)
  6 adders
  3 shadow imps
  7 white imps
  9 ufetubi
  An adder zombie (D:5)
  3 worms (D:3)
  3 dart slugs
  4 leopard geckos
  64 orcs
  2 bats
  4 giant cockroaches
  3 goblins
  4 hobgoblins
  10 jackals
  5 quokkas
  3 frilled lizards
  14 kobolds
  3 rats
475 creatures vanquished.

Vanquished Creatures (collateral kills)
  An ogre mage (Orc:2)
  4 orc high priests (Orc:2)
  An ugly thing (D:12)
  3 orc knights (Orc:2)
  2 orc sorcerers (Orc:2)
  An efreet (D:13)
  10 orc warriors (Orc:2)
  7 orc priests (Orc:2)
  4 orc wizards (Orc:2)
  12 orcs (Orc:2)
45 creatures vanquished.

Vanquished Creatures (others)
  3 humans (D:14)
  2 white imps (IceCv)
  3 ufetubi (IceCv)
  2 plants (Lair:1)
10 creatures vanquished.

Grand Total: 530 creatures vanquished
